Sewer Rats vs Influenza
Created - 1 mars 2013 at 18:57
Goals
|
| Sewer Rats |
0 |
2 |
4 |
6 |
| Influenza |
0 |
1 |
0 |
1 |
|
Shots
|
| Sewer Rats |
2 |
8 |
16 |
26 |
| Influenza |
12 |
8 |
7 |
27 |
|
1st period
No Goal
Penalties :
No Penalty
2nd period
1. Sewer Rats , Max Pacioretty 10 (Bryan Little, John-Michael Liles) at 1:16 (PP)
2. Sewer Rats , John-Michael Liles 5 (Eric Fehr, Bryan Little) at 3:26
3. Influenza , Cody McCormick 12 (Ryan Vesce, Tim Gleason) at 19:22
Penalties :
Jaime Sifers (VJB) for Hooking (Minor) at 0:35, Cody McCormick (VJB) for Interference (Minor) at 4:32, Mark Mancari (Tol) for Hooking (Minor) at 4:32, Tim Gleason (VJB) for Holding (Minor) at 11:23, Ryan Vesce (VJB) for Roughing (Minor) at 13:32, Kyle Quincey (Tol) for Goalie Interference (Minor) at 13:32
3rd period
4. Sewer Rats , Bryan Little 21 (Eric Fehr, Steven Kampfer) at 4:56
5. Sewer Rats , Max Pacioretty 11 (Bryan Little, Eric Fehr) at 7:15
6. Sewer Rats , Bryan Little 22 (Max Pacioretty) at 17:41
7. Sewer Rats , Mark Mancari 13 (Karel Rachunek, Ville Leino) at 19:41
Penalties :
No Penalty
Goalie Stats
Jonas Gustavsson (Tol), 26 saves from 27 shots - (0,963), W, 15-9-2, 60:00 minutes
Alex Stalock (VJB), 7 saves from 9 shots - (0,778), 12:45 minutes
Brent Krahn (VJB), 13 saves from 17 shots - (0,765), L, 14-11-8, 47:15 minutes
Players Stats for Sewer Rats
Player Name G A P +/- PIM S H SB GA TA FO MP PP MP PK MP
------------------------------------------------------------------------------------
Antti Laaksonen 0 0 0 0 0 1 2 2 0 0 1/1 14:10 0:00 0:00
Brandon Sutter 0 0 0 0 0 0 1 0 1 0 1/2 10:04 0:00 0:00
Bryan Little 2 3 5 4 0 6 2 0 1 0 23/40 22:11 1:27 0:00
Chad Denny 0 0 0 0 0 0 0 0 0 0 0/0 6:36 0:00 0:00
Derick Brassard 0 0 0 0 0 1 4 0 0 1 8/13 17:18 0:42 0:00
Eric Fehr 0 3 3 4 0 3 1 0 0 1 3/3 22:59 1:27 0:00
John-Michael Liles 1 1 2 1 0 2 0 1 1 0 0/0 19:22 1:58 0:00
Jonathan Paiement 0 0 0 1 0 0 2 0 1 1 0/0 13:42 0:00 0:00
Karel Rachunek 0 1 1 2 0 2 0 1 0 0 0/0 23:05 1:58 0:00
Kyle Okposo 0 0 0 0 0 0 1 1 0 0 0/0 16:05 1:13 0:00
Kyle Quincey 0 0 0 1 2 1 0 1 0 1 0/0 16:50 0:42 0:00
Lars Eller 0 0 0 0 0 1 0 0 0 0 2/5 10:37 1:13 0:00
Mark Mancari 1 0 1 0 2 3 0 0 2 0 0/0 10:17 0:00 0:00
Matt Lashoff 0 0 0 2 0 0 0 1 1 2 0/0 21:10 0:00 0:00
Max Pacioretty 2 1 3 4 0 3 4 0 0 0 0/0 21:25 1:27 0:00
Mike Funk 0 0 0 0 0 0 0 0 0 1 0/0 5:54 0:00 0:00
Niko Dimitrakos 0 0 0 0 0 1 1 2 0 0 0/0 10:52 0:00 0:00
Steven Kampfer 0 1 1 1 0 0 0 0 0 2 0/0 12:42 0:00 0:00
Ville Leino 0 1 1 0 0 2 0 0 1 0 0/1 11:17 1:13 0:00
Vojtech Polak 0 0 0 0 0 0 0 1 0 0 0/0 9:24 0:00 0:00
Players Stats for Influenza
Player Name G A P +/- PIM S H SB GA TA FO MP PP MP PK MP
------------------------------------------------------------------------------------
Alexander Sulzer 0 0 0 -2 0 0 1 0 1 0 0/0 20:07 0:00 1:00
Blake Comeau 0 0 0 -2 0 1 1 0 1 2 0/2 18:45 0:00 0:20
Brian Salcido 0 0 0 0 0 0 0 0 0 0 0/0 5:09 0:00 0:00
Carl Gunnarsson 0 0 0 -1 0 1 0 0 0 1 0/0 11:32 0:00 1:33
Charles Linglet 0 0 0 0 0 0 0 0 0 0 0/0 6:50 0:00 0:26
Cody McCormick 1 0 1 1 2 2 1 0 0 0 2/8 12:27 0:00 0:00
Jaime Sifers 0 0 0 -2 2 2 3 0 0 1 0/0 19:40 0:00 0:43
Jamie McBain 0 0 0 -1 0 0 0 0 0 0 0/0 9:49 0:00 0:00
Jeff May 0 0 0 0 0 0 0 0 0 0 0/0 0:00 0:00 0:00
Jeff Petry 0 0 0 0 0 0 0 0 0 0 0/0 5:01 0:00 0:00
Jimmy Bonneau 0 0 0 0 0 0 0 0 0 0 0/0 0:00 0:00 0:00
Juraj Mikus 0 0 0 0 0 0 0 0 0 0 0/0 0:50 0:00 0:00
Justin Abdelkader 0 0 0 -2 0 0 0 0 0 0 1/2 18:16 0:00 0:20
Lasse Kukkonen 0 0 0 -1 0 4 0 0 1 0 0/0 25:12 0:00 1:40
Marek Zagrapan 0 0 0 0 0 1 2 0 1 0 1/3 6:05 0:00 0:00
Martins Karsums 0 0 0 -3 0 7 5 0 1 1 0/0 18:33 0:00 0:00
Oskars Bartulis 0 0 0 0 0 0 0 0 0 0 0/0 0:00 0:00 0:00
Pierre-Cédric Labrie 0 0 0 1 0 0 1 0 0 1 1/2 13:33 0:00 0:26
Rob Schremp 0 0 0 -3 0 3 4 0 1 1 6/15 22:23 0:00 1:54
Robbie Earl 0 0 0 -3 0 0 1 0 1 0 1/1 18:23 0:00 0:00
Ryan Carter 0 0 0 -2 0 4 3 0 2 1 15/32 24:15 0:00 1:54
Ryan Russell 0 0 0 0 0 0 0 0 0 0 0/0 0:00 0:00 0:00
Ryan Vesce 0 1 1 1 2 0 2 0 0 0 0/0 12:37 0:00 0:00
Tim Gleason 0 1 1 -1 2 2 2 5 0 0 0/0 23:51 0:00 0:24
Timothy Kunes 0 0 0 0 0 0 0 0 0 0 0/0 0:00 0:00 0:00
3 Stars
1 - Bryan Little (Tol)
2 - Max Pacioretty (Tol)
3 - Eric Fehr (Tol)
Power Play
Sewer Rats - 1 on 2 Attempt(s) - 50,00%
Influenza - 0 on 0 Attempt(s) - 0,00%
Penalty Kill
Sewer Rats - 0 on 0 Attempt(s) - 0,00%
- Score 0 goal in Penalty Kill
Influenza - 1 on 2 Attempt(s) - 50,00%
- Score 0 goal in Penalty Kill
Official
Referees : LaRue Dennis and Rehman Kyle
Linesman : Pierre Racicot and Mike Cvik
Game Notes
16:08 of 1st period - Sewer Rats goal is going for a video replay. After video review, No Goal. The puck has been kicked using a distinct kicking motion.
Alex Stalock enters game at 7:15 of 3rd period
Kyle Quincey is injured at 16:06 of 3rd period (Sprained Left Finger)
Sewer Rats
5 vs 5 Forward
Center Left Wing Right Wing Time % Phy DF OF
1 Bryan Little Max Pacioretty Eric Fehr 40 1 2 2
2 Derick Brassard Antti Laaksonen Kyle Okposo 30 1 2 2
3 Brandon Sutter Ville Leino Mark Mancari 15 1 2 2
4 Lars Eller Vojtech Polak Niko Dimitrakos 15 1 2 2
5 vs 5 Defense
Defense Defense Time % Phy DF OF
1 Matt Lashoff Karel Rachunek 35 1 2 2
2 Kyle Quincey John-Michael Liles 30 1 2 2
3 Steven Kampfer Jonathan Paiement 25 1 2 2
4 Chad Denny Mike Funk 10 1 2 2
PowerPlay Forward
Center Left Wing Right Wing Time % Phy DF OF
1 Bryan Little Max Pacioretty Eric Fehr 60 1 2 2
2 Lars Eller Ville Leino Kyle Okposo 40 1 2 2
PowerPlay Defense
Defense Defense Time % Phy DF OF
1 John-Michael Liles Karel Rachunek 60 1 2 2
2 Derick Brassard Kyle Quincey 40 1 2 2
Penalty Kill 4 Players Forward
Center Wing Time % Phy DF OF
1 Brandon Sutter Niko Dimitrakos 60 1 2 2
2 Antti Laaksonen Vojtech Polak 40 1 2 2
Penalty Kill 4 Players Defense
Defense Defense Time % Phy DF OF
1 Matt Lashoff Karel Rachunek 60 1 2 2
2 John-Michael Liles Jonathan Paiement 40 1 2 2
Penalty Kill - 3 Players Forward
Forward Time % Phy DF OF
1 Bryan Little 60 1 2 2
2 Eric Fehr 40 1 2 2
Penalty Kill - 3 Players Defense
Defense Defense Time % Phy DF OF
1 Matt Lashoff Karel Rachunek 60 1 2 2
2 John-Michael Liles Jonathan Paiement 40 1 2 2
4 vs 4 Forward
Center Wing Time % Phy DF OF
1 Derick Brassard Eric Fehr 60 1 2 2
2 Bryan Little Niko Dimitrakos 40 1 2 2
4 vs 4 Defense
Defense Defense Time % Phy DF OF
1 John-Michael Liles Karel Rachunek 60 1 2 2
2 Kyle Quincey Matt Lashoff 40 1 2 2
Last Minutes Offensive
Center Left Wing Right Wing Defense Defense
Derick Brassard Max Pacioretty Kyle Okposo John-Michael Liles Karel Rachunek
Last Minutes Defensive
Center Left Wing Right Wing Defense Defense
Bryan Little Ville Leino Eric Fehr John-Michael Liles Karel Rachunek
Goaltenders
Starting : Jonas Gustavsson
Backup : Jhonas Enroth
Extra Forwards
Normal : Kyle Okposo, Max Pacioretty, Mark Mancari - PP : Kyle Okposo, Max Pacioretty - PK : Mark Mancari
Extra Defensemen
Normal : Kyle Quincey, John-Michael Liles, Jonathan Paiement - PP : Kyle Quincey - PK : John-Michael Liles, Jonathan Paiement
Penalty Shots
Kyle Okposo, Eric Fehr, Derick Brassard, Niko Dimitrakos, Max Pacioretty
Influenza
5 vs 5 Forward
Center Left Wing Right Wing Time % Phy DF OF
1 Ryan Carter Justin Abdelkader Blake Comeau 40 1 2 2
2 Rob Schremp Robbie Earl Martins Karsums 30 1 2 2
3 Cody McCormick Pierre-Cédric Labrie Ryan Vesce 20 1 2 2
4 Marek Zagrapan Charles Linglet Ryan Carter 10 1 2 2
5 vs 5 Defense
Defense Defense Time % Phy DF OF
1 Lasse Kukkonen Tim Gleason 40 1 2 2
2 Jaime Sifers Alexander Sulzer 30 1 2 2
3 Jamie McBain Carl Gunnarsson 20 1 2 2
4 Brian Salcido Jeff Petry 10 1 2 2
PowerPlay Forward
Center Left Wing Right Wing Time % Phy DF OF
1 Ryan Carter Justin Abdelkader Blake Comeau 60 1 2 2
2 Rob Schremp Robbie Earl Martins Karsums 40 1 2 2
PowerPlay Defense
Defense Defense Time % Phy DF OF
1 Lasse Kukkonen Tim Gleason 60 1 2 2
2 Jaime Sifers Alexander Sulzer 40 1 2 2
Penalty Kill 4 Players Forward
Center Wing Time % Phy DF OF
1 Ryan Carter Rob Schremp 60 1 2 2
2 Blake Comeau Justin Abdelkader 40 1 2 2
Penalty Kill 4 Players Defense
Defense Defense Time % Phy DF OF
1 Lasse Kukkonen Tim Gleason 60 1 2 2
2 Jaime Sifers Alexander Sulzer 40 1 2 2
Penalty Kill - 3 Players Forward
Forward Time % Phy DF OF
1 Ryan Carter 60 1 2 2
2 Rob Schremp 40 1 2 2
Penalty Kill - 3 Players Defense
Defense Defense Time % Phy DF OF
1 Lasse Kukkonen Tim Gleason 60 1 2 2
2 Jaime Sifers Alexander Sulzer 40 1 2 2
4 vs 4 Forward
Center Wing Time % Phy DF OF
1 Ryan Carter Rob Schremp 60 1 2 2
2 Blake Comeau Justin Abdelkader 40 1 2 2
4 vs 4 Defense
Defense Defense Time % Phy DF OF
1 Lasse Kukkonen Tim Gleason 60 1 2 2
2 Jaime Sifers Alexander Sulzer 40 1 2 2
Last Minutes Offensive
Center Left Wing Right Wing Defense Defense
Ryan Carter Justin Abdelkader Blake Comeau Lasse Kukkonen Tim Gleason
Last Minutes Defensive
Center Left Wing Right Wing Defense Defense
Ryan Carter Justin Abdelkader Blake Comeau Lasse Kukkonen Tim Gleason
Goaltenders
Starting : Brent Krahn
Backup : Alex Stalock
Extra Forwards
Normal : Ryan Vesce, Cody McCormick, Pierre-Cédric Labrie - PP : Ryan Vesce, Cody McCormick - PK : Pierre-Cédric Labrie
Extra Defensemen
Normal : Jamie McBain, Carl Gunnarsson, Brian Salcido - PP : Jamie McBain - PK : Carl Gunnarsson, Brian Salcido
Penalty Shots
Ryan Carter, Rob Schremp, Blake Comeau, Justin Abdelkader, Martins Karsums
% Time on Ice - Sewer Rats
Lines # - Real PCT - Wanted PCT - Time Play
Normal Forward
1 - 37% - 40% - 19:30
2 - 27% - 30% - 14:24
3 - 19% - 15% - 10:04
4 - 18% - 15% - 9:24
Normal Defense
1 - 36% - 35% - 19:08
2 - 29% - 30% - 15:38
3 - 24% - 25% - 12:42
4 - 11% - 10% - 5:54
PP Forward
1 - 54% - 60% - 1:27
2 - 46% - 40% - 1:13
PP Defense
1 - 74% - 60% - 1:58
2 - 26% - 40% - 0:42
PK Forward
1 - 0% - 60%
2 - 0% - 40%
PK Defense
1 - 0% - 60%
2 - 0% - 40%
PK3 Forward
1 - 0% - 60%
2 - 0% - 40%
PK3 Defense
1 - 0% - 60%
2 - 0% - 40%
44 Forward
1 - 69% - 60% - 2:44
2 - 31% - 40% - 1:14
44 Defense
1 - 50% - 60% - 1:59
2 - 50% - 40% - 1:59
Last Minute Offensive - 0:00
Last Minute Defensive - 0:00
Total
Forward - 60:00
Defense - 60:00
|
% Time on Ice - Influenza
Lines # - Real PCT - Wanted PCT - Time Play
Normal Forward
1 - 32% - 40% - 17:00
2 - 34% - 30% - 18:24
3 - 22% - 20% - 11:53
4 - 11% - 10% - 6:05
Normal Defense
1 - 40% - 40% - 21:24
2 - 32% - 30% - 17:08
3 - 18% - 20% - 9:49
4 - 9% - 10% - 5:01
PP Forward
1 - 0% - 60%
2 - 0% - 40%
PP Defense
1 - 0% - 60%
2 - 0% - 40%
PK Forward
1 - 88% - 60% - 2:20
2 - 13% - 40% - 0:20
PK Defense
1 - 63% - 60% - 1:40
2 - 38% - 40% - 1:00
PK3 Forward
1 - 0% - 60%
2 - 0% - 40%
PK3 Defense
1 - 0% - 60%
2 - 0% - 40%
44 Forward
1 - 74% - 60% - 2:57
2 - 26% - 40% - 1:01
44 Defense
1 - 54% - 60% - 2:08
2 - 46% - 40% - 1:50
Last Minute Offensive - 0:00
Last Minute Defensive - 0:00
Total
Forward - 60:00
Defense - 60:00
|
Play by Play
1st period
0:01 of 1st period - Bryan Little wins face-off versus Ryan Carter in neutral zone.
0:14 of 1st period - Eric Fehr is hit by Tim Gleason and loses puck.
0:27 of 1st period - Derick Brassard is hit by Robbie Earl and loses puck.
0:36 of 1st period - Backhand shot by Martins Karsums.
0:36 of 1st period - Deflect By Rob Schremp.
0:36 of 1st period - Shot Misses the Net.
0:36 of 1st period - Puck is out of play.
0:37 of 1st period - Brandon Sutter wins face-off versus Cody McCormick in Sewer Rats zone.
1:43 of 1st period - Ryan Carter is hit by Kyle Okposo and loses puck.
2:12 of 1st period - Snap shot by Pierre-Cédric Labrie.
2:12 of 1st period - Shot Misses the Net.
2:57 of 1st period - Snap shot by Ryan Carter.
2:57 of 1st period - Stopped by Jonas Gustavsson without a rebound.
2:58 of 1st period - Derick Brassard wins face-off versus Cody McCormick in Sewer Rats zone.
3:46 of 1st period - Wrist shot by Martins Karsums.
3:46 of 1st period - Shot Misses the Net.
3:50 of 1st period - Slapshot by Rob Schremp.
3:50 of 1st period - Stopped by Jonas Gustavsson without a rebound.
3:51 of 1st period - Eric Fehr wins face-off versus Rob Schremp in Sewer Rats zone.
3:51 of 1st period - Eric Fehr is hit by Rob Schremp.
4:07 of 1st period - Snap shot by Martins Karsums.
4:07 of 1st period - Stopped by Jonas Gustavsson with a rebound.
4:21 of 1st period - Wrist shot by Ryan Carter.
4:21 of 1st period - Stopped by Jonas Gustavsson with a rebound.
5:41 of 1st period - Carl Gunnarsson is hit by Derick Brassard and loses puck.
5:45 of 1st period - Icing by Jamie McBain.
5:46 of 1st period - Derick Brassard wins face-off versus Rob Schremp in Influenza zone.
5:51 of 1st period - Wrist shot by Antti Laaksonen.
5:51 of 1st period - Deflect By Derick Brassard.
5:51 of 1st period - Shot Misses the Net.
5:51 of 1st period - Puck is out of play.
5:52 of 1st period - Bryan Little wins face-off versus Cody McCormick in Influenza zone.
6:08 of 1st period - Backhand shot by Bryan Little.
6:08 of 1st period - Shot Misses the Net.
6:22 of 1st period - Wrist shot by Derick Brassard.
6:22 of 1st period - Shot Misses the Net.
7:15 of 1st period - Jonathan Paiement is hit by Tim Gleason and loses puck.
7:22 of 1st period - Wrist shot by Martins Karsums.
7:22 of 1st period - Stopped by Jonas Gustavsson with a rebound.
7:24 of 1st period - Slapshot by Lasse Kukkonen.
7:24 of 1st period - Deflect By Niko Dimitrakos.
7:24 of 1st period - Stopped by Jonas Gustavsson with a rebound.
7:26 of 1st period - Slapshot by Lasse Kukkonen.
7:26 of 1st period - Shot Blocked by Vojtech Polak.
7:28 of 1st period - Wrist shot by Martins Karsums.
7:28 of 1st period - Shot Misses the Net.
7:57 of 1st period - Backhand shot by Martins Karsums.
7:57 of 1st period - Shot Misses the Net.
7:59 of 1st period - Slapshot by Lasse Kukkonen.
7:59 of 1st period - Stopped by Jonas Gustavsson with a rebound.
8:01 of 1st period - Snap shot by Martins Karsums.
8:01 of 1st period - Shot Misses the Net.
8:31 of 1st period - Snap shot by Vojtech Polak.
8:31 of 1st period - Shot Misses the Net.
8:39 of 1st period - Snap shot by Martins Karsums.
8:39 of 1st period - Stopped by Jonas Gustavsson with a rebound.
8:41 of 1st period - Slapshot by Tim Gleason.
8:41 of 1st period - Shot Blocked by Niko Dimitrakos.
8:43 of 1st period - Wrist shot by Martins Karsums.
8:43 of 1st period - Stopped by Jonas Gustavsson with a rebound.
8:45 of 1st period - Slapshot by Lasse Kukkonen.
8:45 of 1st period - Deflect By Rob Schremp.
8:45 of 1st period - Stopped by Jonas Gustavsson with a rebound.
8:47 of 1st period - Slapshot by Lasse Kukkonen.
8:47 of 1st period - Deflect By Niko Dimitrakos.
8:47 of 1st period - Stopped by Jonas Gustavsson without a rebound.
8:48 of 1st period - Bryan Little wins face-off versus Justin Abdelkader in Sewer Rats zone.
9:02 of 1st period - Snap shot by Bryan Little.
9:02 of 1st period - Deflect By Eric Fehr.
9:02 of 1st period - Shot Misses the Net.
9:02 of 1st period - Puck is out of play.
9:03 of 1st period - Derick Brassard wins face-off versus Ryan Carter in Influenza zone.
9:37 of 1st period - Snap shot by Eric Fehr.
9:37 of 1st period - Shot Misses the Net.
10:22 of 1st period - Snap shot by Bryan Little.
10:22 of 1st period - Shot Misses the Net.
15:47 of 1st period - Carl Gunnarsson is hit by Antti Laaksonen.
15:56 of 1st period - Icing by Mark Mancari.
15:57 of 1st period - Cody McCormick wins face-off versus Brandon Sutter in Sewer Rats zone.
16:04 of 1st period - Wrist shot by Mark Mancari.
16:04 of 1st period - Stopped by Brent Krahn with a rebound.
16:06 of 1st period - Wrist shot by Brandon Sutter.
16:06 of 1st period - Shot Misses the Net.
16:08 of 1st period - Slapshot by Mark Mancari.
16:08 of 1st period - Sewer Rats goal is going for a video replay.
16:08 of 1st period - The goal is refused. The puck has been kicked using a distinct kicking motion..
16:09 of 1st period - Rob Schremp wins face-off versus Bryan Little in Influenza zone.
16:59 of 1st period - Tim Gleason is hit by Brandon Sutter and loses puck.
17:04 of 1st period - Wrist shot by Mark Mancari.
17:04 of 1st period - Deflect By Ville Leino.
17:04 of 1st period - Shot Misses the Net.
17:04 of 1st period - Puck is out of play.
17:05 of 1st period - Bryan Little wins face-off versus Rob Schremp in Influenza zone.
17:38 of 1st period - Kyle Okposo is hit by Ryan Carter and loses puck.
18:19 of 1st period - Niko Dimitrakos is hit by Martins Karsums and loses puck.
19:01 of 1st period - Slapshot by Ryan Carter.
19:01 of 1st period - Stopped by Jonas Gustavsson with a rebound.
2nd period
0:01 of 2nd period - Ryan Carter wins face-off versus Bryan Little in neutral zone.
0:08 of 2nd period - Wrist shot by Blake Comeau.
0:08 of 2nd period - Shot Misses the Net.
0:32 of 2nd period - Icing by Kyle Okposo.
0:33 of 2nd period - Derick Brassard wins face-off versus Ryan Carter in Sewer Rats zone.
0:35 of 2nd period - Minor Penalty to Jaime Sifers for Hooking.
0:36 of 2nd period - Bryan Little wins face-off versus Ryan Carter in Influenza zone.
0:49 of 2nd period - Slapshot by Bryan Little.
0:49 of 2nd period - Shot Misses the Net.
1:06 of 2nd period - Icing by Kyle Okposo.
1:07 of 2nd period - Rob Schremp wins face-off versus Lars Eller in Sewer Rats zone.
1:16 of 2nd period - Snap shot by Bryan Little.
1:16 of 2nd period - Deflect By Max Pacioretty.
1:16 of 2nd period - Goal by Max Pacioretty - Sewer Rats : 1 - Influenza : 0.
1:17 of 2nd period - Bryan Little wins face-off versus Ryan Carter in neutral zone.
1:24 of 2nd period - Wrist shot by Bryan Little.
1:24 of 2nd period - Shot Misses the Net.
1:26 of 2nd period - Backhand shot by Eric Fehr.
1:26 of 2nd period - Stopped by Brent Krahn with a rebound.
1:28 of 2nd period - Snap shot by Max Pacioretty.
1:28 of 2nd period - Shot Misses the Net.
1:30 of 2nd period - Wrist shot by Karel Rachunek.
1:30 of 2nd period - Deflect By Eric Fehr.
1:30 of 2nd period - Shot Misses the Net.
1:30 of 2nd period - Puck is out of play.
1:31 of 2nd period - Eric Fehr wins face-off versus Ryan Carter in Influenza zone.
1:40 of 2nd period - Wrist shot by Bryan Little.
1:40 of 2nd period - Shot Misses the Net.
1:44 of 2nd period - Wrist shot by Bryan Little.
1:44 of 2nd period - Deflect By Justin Abdelkader.
1:44 of 2nd period - Stopped by Brent Krahn with a rebound.
1:46 of 2nd period - Snap shot by Karel Rachunek.
1:46 of 2nd period - Shot Blocked by Tim Gleason.
2:08 of 2nd period - Wrist shot by Mark Mancari.
2:08 of 2nd period - Deflect By Ville Leino.
2:08 of 2nd period - Stopped by Brent Krahn without a rebound.
2:09 of 2nd period - Bryan Little wins face-off versus Rob Schremp in Influenza zone.
3:09 of 2nd period - Slapshot by Niko Dimitrakos.
3:09 of 2nd period - Stopped by Brent Krahn without a rebound.
3:10 of 2nd period - Rob Schremp wins face-off versus Bryan Little in Influenza zone.
3:10 of 2nd period - Rob Schremp is hit by Eric Fehr.
3:16 of 2nd period - Snap shot by Martins Karsums.
3:16 of 2nd period - Shot Misses the Net.
3:24 of 2nd period - Wrist shot by Eric Fehr.
3:24 of 2nd period - Shot Misses the Net.
3:26 of 2nd period - Snap shot by John-Michael Liles.
3:26 of 2nd period - Goal by John-Michael Liles - Sewer Rats : 2 - Influenza : 0.
3:27 of 2nd period - Ryan Carter wins face-off versus Bryan Little in neutral zone.
3:38 of 2nd period - Snap shot by Justin Abdelkader.
3:38 of 2nd period - Shot Blocked by John-Michael Liles.
3:40 of 2nd period - Backhand shot by Tim Gleason.
3:40 of 2nd period - Deflect By Ryan Carter.
3:40 of 2nd period - Shot Misses the Net.
3:40 of 2nd period - Puck is out of play.
3:41 of 2nd period - Derick Brassard wins face-off versus Ryan Carter in Sewer Rats zone.
3:48 of 2nd period - Wrist shot by Derick Brassard.
3:48 of 2nd period - Shot Misses the Net.
4:16 of 2nd period - Kyle Quincey is hit by Martins Karsums and loses puck.
4:32 of 2nd period - Minor Penalty to Cody McCormick for Interference.
4:32 of 2nd period - Minor Penalty to Mark Mancari for Hooking.
4:33 of 2nd period - Ryan Carter wins face-off versus Derick Brassard in Influenza zone.
6:16 of 2nd period - Bryan Little is hit by Jaime Sifers and loses puck.
6:25 of 2nd period - Wrist shot by Lasse Kukkonen.
6:25 of 2nd period - Shot Blocked by Niko Dimitrakos.
6:32 of 2nd period - Penalty to Cody McCormick is over, Cody McCormick is back on ice.
6:32 of 2nd period - Penalty to Mark Mancari is over, Mark Mancari is back on ice.
6:37 of 2nd period - Wrist shot by Ryan Vesce.
6:37 of 2nd period - Shot Misses the Net.
6:57 of 2nd period - Slapshot by Ville Leino.
6:57 of 2nd period - Stopped by Brent Krahn without a rebound.
6:58 of 2nd period - Lars Eller wins face-off versus Rob Schremp in Influenza zone.
7:23 of 2nd period - Mark Mancari is hit by Ryan Vesce and loses puck.
7:41 of 2nd period - Icing by Eric Fehr.
7:42 of 2nd period - Ryan Carter wins face-off versus Bryan Little in Sewer Rats zone.
8:11 of 2nd period - Wrist shot by Lasse Kukkonen.
8:11 of 2nd period - Shot Misses the Net.
8:17 of 2nd period - Snap shot by Martins Karsums.
8:17 of 2nd period - Deflect By Rob Schremp.
8:17 of 2nd period - Shot Misses the Net.
8:17 of 2nd period - Puck is out of play.
8:18 of 2nd period - Derick Brassard wins face-off versus Blake Comeau in Sewer Rats zone.
8:43 of 2nd period - Bryan Little is hit by Martins Karsums and loses puck.
8:48 of 2nd period - Wrist shot by Rob Schremp.
8:48 of 2nd period - Stopped by Jonas Gustavsson with a rebound.
8:50 of 2nd period - Wrist shot by Martins Karsums.
8:50 of 2nd period - Stopped by Jonas Gustavsson without a rebound.
8:51 of 2nd period - Derick Brassard wins face-off versus Rob Schremp in Sewer Rats zone.
9:22 of 2nd period - Backhand shot by Justin Abdelkader.
9:22 of 2nd period - Shot Blocked by Karel Rachunek.
10:02 of 2nd period - Wrist shot by Ryan Carter.
10:02 of 2nd period - Stopped by Jonas Gustavsson with a rebound.
10:18 of 2nd period - Wrist shot by Rob Schremp.
10:18 of 2nd period - Shot Misses the Net.
10:20 of 2nd period - Slapshot by Carl Gunnarsson.
10:20 of 2nd period - Stopped by Jonas Gustavsson with a rebound.
10:22 of 2nd period - Wrist shot by Martins Karsums.
10:22 of 2nd period - Stopped by Jonas Gustavsson without a rebound.
10:23 of 2nd period - Bryan Little wins face-off versus Rob Schremp in Sewer Rats zone.
10:50 of 2nd period - Icing by Eric Fehr.
10:51 of 2nd period - Bryan Little wins face-off versus Cody McCormick in Sewer Rats zone.
10:51 of 2nd period - Bryan Little is hit by Ryan Vesce.
11:10 of 2nd period - Icing by Bryan Little.
11:11 of 2nd period - Bryan Little wins face-off versus Ryan Carter in Sewer Rats zone.
11:11 of 2nd period - Bryan Little is hit by Ryan Carter.
11:21 of 2nd period - Blake Comeau is hit by Max Pacioretty and loses puck.
11:23 of 2nd period - Minor Penalty to Tim Gleason for Holding.
11:24 of 2nd period - Ryan Carter wins face-off versus Ville Leino in Influenza zone.
12:49 of 2nd period - Icing by Bryan Little.
12:50 of 2nd period - Bryan Little wins face-off versus Pierre-Cédric Labrie in Sewer Rats zone.
13:01 of 2nd period - Icing by Kyle Okposo.
13:02 of 2nd period - Lars Eller wins face-off versus Ryan Carter in Sewer Rats zone.
13:13 of 2nd period - Ryan Carter is hit by Bryan Little and loses puck.
13:23 of 2nd period - Penalty to Tim Gleason is over, Tim Gleason is back on ice.
13:32 of 2nd period - Minor Penalty to Ryan Vesce for Roughing.
13:32 of 2nd period - Minor Penalty to Kyle Quincey for Goalie Interference.
13:33 of 2nd period - Eric Fehr wins face-off versus Ryan Carter in Sewer Rats zone.
13:33 of 2nd period - Eric Fehr is hit by Ryan Carter.
13:44 of 2nd period - Off-side.
13:45 of 2nd period - Derick Brassard wins face-off versus Ryan Carter in neutral zone.
13:48 of 2nd period - Slapshot by John-Michael Liles.
13:48 of 2nd period - Stopped by Brent Krahn with a rebound.
14:59 of 2nd period - Slapshot by Jaime Sifers.
14:59 of 2nd period - Shot Misses the Net.
15:05 of 2nd period - Pierre-Cédric Labrie is hit by Jonathan Paiement.
15:32 of 2nd period - Penalty to Ryan Vesce is over, Ryan Vesce is back on ice.
15:32 of 2nd period - Penalty to Kyle Quincey is over, Kyle Quincey is back on ice.
16:40 of 2nd period - Snap shot by Ryan Vesce.
16:40 of 2nd period - Deflect By John-Michael Liles.
16:40 of 2nd period - Shot Misses the Net.
16:40 of 2nd period - Puck is out of play.
16:41 of 2nd period - Bryan Little wins face-off versus Cody McCormick in Sewer Rats zone.
17:06 of 2nd period - Kyle Okposo is hit by Rob Schremp and loses puck.
17:13 of 2nd period - Backhand shot by Antti Laaksonen.
17:13 of 2nd period - Shot Misses the Net.
17:15 of 2nd period - Slapshot by Antti Laaksonen.
17:15 of 2nd period - Shot Misses the Net.
17:35 of 2nd period - Blake Comeau is hit by Niko Dimitrakos and loses puck.
17:41 of 2nd period - Icing by Lasse Kukkonen.
17:42 of 2nd period - Ryan Carter wins face-off versus Bryan Little in Influenza zone.
17:44 of 2nd period - Icing by Alexander Sulzer.
17:45 of 2nd period - Ryan Carter wins face-off versus Bryan Little in Influenza zone.
18:20 of 2nd period - Matt Lashoff is hit by Blake Comeau and loses puck.
19:07 of 2nd period - Martins Karsums is hit by Max Pacioretty and loses puck.
19:20 of 2nd period - Wrist shot by Ryan Vesce.
19:20 of 2nd period - Shot Misses the Net.
19:22 of 2nd period - Snap shot by Cody McCormick.
19:22 of 2nd period - Goal by Cody McCormick - Sewer Rats : 2 - Influenza : 1.
19:23 of 2nd period - Rob Schremp wins face-off versus Bryan Little in neutral zone.
19:28 of 2nd period - Snap shot by Martins Karsums.
19:28 of 2nd period - Stopped by Jonas Gustavsson without a rebound.
19:29 of 2nd period - Rob Schremp wins face-off versus Bryan Little in Sewer Rats zone.
19:42 of 2nd period - Wrist shot by Rob Schremp.
19:42 of 2nd period - Shot Misses the Net.
19:44 of 2nd period - Wrist shot by Tim Gleason.
19:44 of 2nd period - Stopped by Jonas Gustavsson with a rebound.
3rd period
0:01 of 3rd period - Bryan Little wins face-off versus Ryan Carter in neutral zone.
0:05 of 3rd period - Icing by Lasse Kukkonen.
0:06 of 3rd period - Bryan Little wins face-off versus Ryan Carter in Influenza zone.
0:19 of 3rd period - Wrist shot by Lasse Kukkonen.
0:19 of 3rd period - Stopped by Jonas Gustavsson with a rebound.
0:21 of 3rd period - Wrist shot by Lasse Kukkonen.
0:21 of 3rd period - Shot Misses the Net.
0:33 of 3rd period - Lasse Kukkonen is hit by Derick Brassard and loses puck.
0:40 of 3rd period - Snap shot by Derick Brassard.
0:40 of 3rd period - Deflect By Kyle Okposo.
0:40 of 3rd period - Shot Misses the Net.
0:40 of 3rd period - Puck is out of play.
0:41 of 3rd period - Ryan Carter wins face-off versus Derick Brassard in Influenza zone.
0:51 of 3rd period - Off-side.
0:52 of 3rd period - Bryan Little wins face-off versus Blake Comeau in neutral zone.
0:57 of 3rd period - Slapshot by Bryan Little.
0:57 of 3rd period - Stopped by Brent Krahn without a rebound.
0:58 of 3rd period - Ryan Carter wins face-off versus Bryan Little in Influenza zone.
1:25 of 3rd period - Slapshot by Karel Rachunek.
1:25 of 3rd period - Deflect By Rob Schremp.
1:25 of 3rd period - Stopped by Brent Krahn without a rebound.
1:26 of 3rd period - Rob Schremp wins face-off versus Derick Brassard in Influenza zone.
1:49 of 3rd period - Kyle Okposo is hit by Rob Schremp and loses puck.
1:54 of 3rd period - Snap shot by Rob Schremp.
1:54 of 3rd period - Shot Misses the Net.
1:56 of 3rd period - Slapshot by Alexander Sulzer.
1:56 of 3rd period - Deflect By Rob Schremp.
1:56 of 3rd period - Shot Blocked by Antti Laaksonen.
1:56 of 3rd period - Puck is out of play.
1:57 of 3rd period - Justin Abdelkader wins face-off versus Bryan Little in Sewer Rats zone.
2:06 of 3rd period - Slapshot by Karel Rachunek.
2:06 of 3rd period - Shot Blocked by Tim Gleason.
2:08 of 3rd period - Slapshot by Matt Lashoff.
2:08 of 3rd period - Shot Blocked by Tim Gleason.
2:45 of 3rd period - Slapshot by Rob Schremp.
2:45 of 3rd period - Shot Blocked by Matt Lashoff.
2:47 of 3rd period - Snap shot by Rob Schremp.
2:47 of 3rd period - Shot Misses the Net.
2:49 of 3rd period - Slapshot by Alexander Sulzer.
2:49 of 3rd period - Shot Blocked by Kyle Okposo.
2:51 of 3rd period - Backhand shot by Jaime Sifers.
2:51 of 3rd period - Stopped by Jonas Gustavsson with a rebound.
2:58 of 3rd period - Icing by Matt Lashoff.
2:59 of 3rd period - Antti Laaksonen wins face-off versus Marek Zagrapan in Sewer Rats zone.
3:04 of 3rd period - Carl Gunnarsson is hit by Bryan Little and loses puck.
3:25 of 3rd period - Kyle Okposo is hit by Martins Karsums and loses puck.
4:10 of 3rd period - Wrist shot by Ryan Vesce.
4:10 of 3rd period - Shot Misses the Net.
4:24 of 3rd period - Backhand shot by Jaime Sifers.
4:24 of 3rd period - Deflect By Marek Zagrapan.
4:24 of 3rd period - Stopped by Jonas Gustavsson with a rebound.
4:26 of 3rd period - Wrist shot by Marek Zagrapan.
4:26 of 3rd period - Deflect By Ryan Carter.
4:26 of 3rd period - Shot Misses the Net.
4:26 of 3rd period - Puck is out of play.
4:27 of 3rd period - Bryan Little wins face-off versus Marek Zagrapan in Sewer Rats zone.
4:27 of 3rd period - Bryan Little is hit by Marek Zagrapan.
4:36 of 3rd period - Icing by Steven Kampfer.
4:37 of 3rd period - Bryan Little wins face-off versus Rob Schremp in Sewer Rats zone.
4:50 of 3rd period - Slapshot by Bryan Little.
4:50 of 3rd period - Shot Misses the Net.
4:52 of 3rd period - Snap shot by Bryan Little.
4:52 of 3rd period - Shot Misses the Net.
4:54 of 3rd period - Slapshot by Eric Fehr.
4:54 of 3rd period - Stopped by Brent Krahn with a rebound.
4:56 of 3rd period - Wrist shot by Bryan Little.
4:56 of 3rd period - Goal by Bryan Little - Sewer Rats : 3 - Influenza : 1.
4:57 of 3rd period - Ryan Carter wins face-off versus Bryan Little in neutral zone.
5:00 of 3rd period - Slapshot by Tim Gleason.
5:00 of 3rd period - Stopped by Jonas Gustavsson with a rebound.
5:06 of 3rd period - Snap shot by Ryan Carter.
5:06 of 3rd period - Shot Misses the Net.
5:24 of 3rd period - Tim Gleason is hit by Derick Brassard and loses puck.
5:47 of 3rd period - Snap shot by Cody McCormick.
5:47 of 3rd period - Stopped by Jonas Gustavsson without a rebound.
5:48 of 3rd period - Pierre-Cédric Labrie wins face-off versus Lars Eller in Sewer Rats zone.
6:03 of 3rd period - Wrist shot by Lars Eller.
6:03 of 3rd period - Stopped by Brent Krahn without a rebound.
6:04 of 3rd period - Bryan Little wins face-off versus Ryan Carter in Influenza zone.
6:40 of 3rd period - Alexander Sulzer is hit by Antti Laaksonen and loses puck.
6:59 of 3rd period - Off-side.
7:00 of 3rd period - Ryan Carter wins face-off versus Bryan Little in neutral zone.
7:11 of 3rd period - Snap shot by Eric Fehr.
7:11 of 3rd period - Stopped by Brent Krahn with a rebound.
7:13 of 3rd period - Snap shot by Bryan Little.
7:13 of 3rd period - Shot Blocked by Tim Gleason.
7:15 of 3rd period - Wrist shot by Max Pacioretty.
7:15 of 3rd period - Goal by Max Pacioretty - Sewer Rats : 4 - Influenza : 1.
7:15 of 3rd period - Alex Stalock enters game.
7:16 of 3rd period - Ryan Carter wins face-off versus Bryan Little in neutral zone.
7:21 of 3rd period - Snap shot by Blake Comeau.
7:21 of 3rd period - Stopped by Jonas Gustavsson without a rebound.
7:22 of 3rd period - Ryan Carter wins face-off versus Bryan Little in Sewer Rats zone.
7:31 of 3rd period - Slapshot by Kyle Quincey.
7:31 of 3rd period - Stopped by Alex Stalock with a rebound.
7:33 of 3rd period - Snap shot by Kyle Quincey.
7:33 of 3rd period - Shot Misses the Net.
7:53 of 3rd period - Wrist shot by Rob Schremp.
7:53 of 3rd period - Shot Blocked by Antti Laaksonen.
8:28 of 3rd period - Ville Leino is hit by Jaime Sifers and loses puck.
9:49 of 3rd period - Robbie Earl is hit by Jonathan Paiement and loses puck.
10:09 of 3rd period - Wrist shot by Max Pacioretty.
10:09 of 3rd period - Stopped by Alex Stalock without a rebound.
10:10 of 3rd period - Bryan Little wins face-off versus Cody McCormick in Influenza zone.
10:21 of 3rd period - Bryan Little is hit by Cody McCormick and loses puck.
10:41 of 3rd period - Lasse Kukkonen is hit by Max Pacioretty and loses puck.
11:36 of 3rd period - Karel Rachunek is hit by Alexander Sulzer and loses puck.
13:06 of 3rd period - Ville Leino is hit by Rob Schremp and loses puck.
13:19 of 3rd period - Snap shot by Derick Brassard.
13:19 of 3rd period - Stopped by Alex Stalock with a rebound.
14:24 of 3rd period - Off-side.
14:25 of 3rd period - Marek Zagrapan wins face-off versus Lars Eller in neutral zone.
14:34 of 3rd period - Matt Lashoff is hit by Marek Zagrapan and loses puck.
14:54 of 3rd period - Off-side.
14:55 of 3rd period - Bryan Little wins face-off versus Rob Schremp in neutral zone.
14:58 of 3rd period - Wrist shot by Bryan Little.
14:58 of 3rd period - Stopped by Alex Stalock with a rebound.
15:23 of 3rd period - Icing by Tim Gleason.
15:24 of 3rd period - Robbie Earl wins face-off versus Derick Brassard in Influenza zone.
16:06 of 3rd period - Snap shot by Martins Karsums.
16:06 of 3rd period - Shot Blocked by Kyle Quincey.
16:06 of 3rd period - Kyle Quincey from Sewer Rats is injured at 16:06 of 3rd period (Sprained Left Finger).
16:07 of 3rd period - Ryan Carter wins face-off versus Bryan Little in Sewer Rats zone.
16:39 of 3rd period - Slapshot by Antti Laaksonen.
16:39 of 3rd period - Stopped by Alex Stalock without a rebound.
16:40 of 3rd period - Bryan Little wins face-off versus Ryan Carter in Influenza zone.
16:41 of 3rd period - Snap shot by Max Pacioretty.
16:41 of 3rd period - Shot Misses the Net.
16:43 of 3rd period - Wrist shot by Max Pacioretty.
16:43 of 3rd period - Shot Misses the Net.
16:52 of 3rd period - Icing by Lasse Kukkonen.
16:53 of 3rd period - Bryan Little wins face-off versus Ryan Carter in Influenza zone.
16:54 of 3rd period - Slapshot by Eric Fehr.
16:54 of 3rd period - Shot Misses the Net.
16:56 of 3rd period - Snap shot by Max Pacioretty.
16:56 of 3rd period - Shot Misses the Net.
17:08 of 3rd period - Snap shot by Bryan Little.
17:08 of 3rd period - Deflect By Eric Fehr.
17:08 of 3rd period - Shot Blocked by Tim Gleason.
17:08 of 3rd period - Puck is out of play.
17:09 of 3rd period - Cody McCormick wins face-off versus Derick Brassard in Influenza zone.
17:09 of 3rd period - Cody McCormick is hit by Derick Brassard.
17:15 of 3rd period - Wrist shot by Jaime Sifers.
17:15 of 3rd period - Deflect By Antti Laaksonen.
17:15 of 3rd period - Stopped by Jonas Gustavsson with a rebound.
17:23 of 3rd period - Slapshot by Cody McCormick.
17:23 of 3rd period - Shot Misses the Net.
17:25 of 3rd period - Wrist shot by Ryan Vesce.
17:25 of 3rd period - Shot Misses the Net.
17:35 of 3rd period - Blake Comeau is hit by Max Pacioretty.
17:41 of 3rd period - Wrist shot by Bryan Little.
17:41 of 3rd period - Goal by Bryan Little - Sewer Rats : 5 - Influenza : 1.
17:42 of 3rd period - Bryan Little wins face-off versus Ryan Carter in neutral zone.
17:52 of 3rd period - Wrist shot by Bryan Little.
17:52 of 3rd period - Stopped by Alex Stalock with a rebound.
18:08 of 3rd period - Kyle Okposo is hit by Pierre-Cédric Labrie and loses puck.
18:47 of 3rd period - Mark Mancari is hit by Martins Karsums and loses puck.
19:22 of 3rd period - Karel Rachunek is hit by Jaime Sifers and loses puck.
19:37 of 3rd period - Wrist shot by Ville Leino.
19:37 of 3rd period - Shot Misses the Net.
19:39 of 3rd period - Slapshot by Karel Rachunek.
19:39 of 3rd period - Stopped by Alex Stalock with a rebound.
19:41 of 3rd period - Wrist shot by Mark Mancari.
19:41 of 3rd period - Goal by Mark Mancari - Sewer Rats : 6 - Influenza : 1.
19:42 of 3rd period - Ryan Carter wins face-off versus Bryan Little in neutral zone.
Output by the SimonT Hockey Simulator (STHS) for François Prévost -- Original Page W3C XHTML 1.0 Valid